 Dungeon Crawl Stone Soup version 0.29.1-1-gd02db6906a (webtiles) character file.

Game seed: 6990404700082530467

70 hawla the Sneak (level 4, -2/25 HPs)
             Began as a Deep Elf Wanderer on Oct 4, 2022.
             Slain by an orc priest
             ... wielding a +0 war axe
              (9 damage)
             ... on level 2 of the Dungeon.
             The game lasted 00:05:44 (2470 turns).

hawla the Sneak (Deep Elf Wanderer)                 Turns: 2470, Time: 00:05:45

Health: -2/25      AC:  2    Str:  9    XL:     4   Next: 4%
Magic:  1/10       EV: 11    Int: 17    God:
Gold:   121        SH:  0    Dex: 16    Spells: 5/9 levels left

rFire   + . .      SeeInvis .   a - +0 dagger
rCold   . . .      Faith    .   (no shield)
rNeg    . . .      Spirit   .   g - +0 robe
rPois   .          Reflect  .   (no helmet)
rElec   .          Harm     .   (no cloak)
rCorr   .          Rampage  .   (no gloves)
Will    .....                   (no boots)
Stlth   +++.......              (no amulet)
HPRegen 0.08/turn               h - ring of protection from fire
MPRegen 0.12/turn               (no ring)

@: very slightly contaminated
A: no striking features
a: no special abilities


You were on level 2 of the Dungeon.
You visited 1 branch of the dungeon, and saw 3 of its levels.

You collected 121 gold pieces.

Inventory:

Hand Weapons
 a - a +0 dagger (weapon)
 e - a +0 dagger
Missiles
 b - 2 atropa-tipped darts (quivered)
 c - 2 datura-tipped darts
 d - 7 boomerangs
Armour
 g - a +0 robe (worn)
Jewellery
 h - a ring of protection from fire (left hand)
Scrolls
 f - a scroll of fear
 i - a scroll of torment {unknown}
 l - a scroll of teleportation
Potions
 j - a potion of mutation
 o - a potion of magic


   Skills:
 - Level 1.0 Fighting
 - Level 3.3 Throwing
 - Level 0.2 Dodging
 - Level 4.4 Stealth
 - Level 3.2 Spellcasting
 + Level 2.0 Conjurations
 * Level 1.1 Air Magic
 * Level 1.3 Poison Magic


You had 5 spell levels left.
You knew the following spells:

 Your Spells              Type           Power      Damage    Failure   Level
a - Magic Dart            Conj           36%        1d4       8%          1
b - Mephitic Cloud        Conj/Pois/Air  7%         N/A       26%         3

Your spell library contained the following spells:

 Spells                   Type           Power      Damage    Failure   Level


Dungeon Overview and Level Annotations

Branches:
Dungeon (3/15)

Altars:


Message History

The orc priest is lightly wounded.
The orc priest barely misses you.
Casting: Magic Dart (safe; 8% risk of failure)
Confirm with . or Enter, or press ? or * to list all spells.
Aiming: Magic Dart (safe; 8% risk of failure)
Press: ? - help, Shift-Dir - straight line, f/p - orc priest
Aim: an orc priest, wielding a +0 war axe (lightly wounded, confused, 100% to hit)
The magic dart hits the orc priest.
The orc priest is moderately wounded.
Something hits the orc priest.
An orc comes into view. It is wielding a +0 short sword.
The orc priest closely misses you.
Saving game... please wait.
Welcome back, hawla the Deep Elf Wanderer.
Press ? for a list of commands and other information.
Cast which spell? (? or * to list)
Aiming: Magic Dart (safe; 8% risk of failure)
Press: ? - help, Shift-Dir - straight line, f - orc priest
Aim: an orc priest, wielding a +0 war axe (heavily wounded, confused, 100% to hit)
You miscast Magic Dart.
You are very lightly contaminated with residual magic.
Nothing appears to happen.
The orc shouts!
Casting: Magic Dart (safe; 8% risk of failure)
Confirm with . or Enter, or press ? or * to list all spells.
Aiming: Magic Dart (safe; 8% risk of failure)
Press: ? - help, Shift-Dir - straight line, f/p - orc priest
Aim: an orc priest, wielding a +0 war axe (heavily wounded, confused, 100% to hit)
The magic dart hits the orc priest.
The orc priest is severely wounded.
Something hits the orc priest.
Casting: Magic Dart (safe; 8% risk of failure)
Confirm with . or Enter, or press ? or * to list all spells.
Aiming: Magic Dart (safe; 8% risk of failure)
Press: ? - help, Shift-Dir - straight line, f/p - orc priest
Aim: an orc priest, wielding a +0 war axe (almost dead, confused, 100% to hit)
The magic dart hits the orc priest.
The orc priest is almost dead.
The orc priest hits you with a +0 war axe!
You die...

.###.###.# #.####.........#
.....# #.# #....#.#...#
####.###.# ####.#.##>##
####.....# #.......#
........# #....o..#
...#.##.########.......#
#######
##.....................#
#......
###.###.########.......#
#.##### # ### #.# #@o.....#
#.# #######.# #.......# #.#
.....##.#########.#.#### #.#
####.##.............#######.#
####.######.#####...........#
..................###########
###.........#######
###########


You could see an orc priest (confused) and an orc.

Vanquished Creatures
  3 adders (D:2)
  2 dart slugs (D:1)
  An orc (D:3)
  4 bats
  An endoplasm (D:2)
  2 giant cockroaches (D:2)
  8 goblins
  2 hobgoblins
  A quokka (D:2)
  4 ball pythons
  2 frilled lizards (D:1)
  2 kobolds
  5 rats
37 creatures vanquished.

Notes
Turn   | Place    | Note
-------+----------+-------------------------------------------
     0 | D:1      | hawla the Deep Elf Wanderer began the quest for the Orb.
     0 | D:1      | hawla set off with the following items: a +0 dagger, 2
                  | atropa-tipped darts, 2 datura-tipped darts, 7 boomerangs, a
                  | +0 dagger, a scroll of fear, a +0 robe; and the following
                  | spell memorised: Magic Dart; and the following spells
                  | available to memorise: Mephitic Cloud.
     0 | D:1      | Reached XP level 1. HP: 12/12 MP: 6/6
    84 | D:1      | Reached skill level 4 in Stealth
   265 | D:1      | Reached XP level 2. HP: 16/16 MP: 5/8
  1271 | D:2      | Reached XP level 3. HP: 16/20 MP: 9/9
  1276 | D:2      | Learned a level 3 spell: Mephitic Cloud
  1615 | D:2      | Reached skill level 1 in Poison Magic
  2176 | D:2      | Reached skill level 1 in Air Magic
  2385 | D:3      | Reached XP level 4. HP: 22/25 MP: 7/10
  2470 | D:2      | Slain by an orc priest

Illustrated notes

Levels and vault maps discovered:
D:1:      dpeg_arrival_rooms_b, layout_loops_ring, minmay_tetromino_s2
D:2:      layout_loops_ring
D:3:      layout_basic, grunt_gozag_statues, amcnicky_altar_gilded,
          ebering_ecumenical_altar_mist, nrook_mini_vaults, corexii_shack

Skill      XL: |  1  2  3 |
---------------+----------+-----
Stealth        | 4 |  4.4
Poison Magic   | 1 |  1.3
Conjurations   | 2 |  2.0
Air Magic      | 1 |  1.1
Fighting       | |  1.0
Throwing       | |  3.3
Dodging        | |  0.2
Spellcasting   | |  3.2

Action                   |  1- 3 |  4- 6 || total
-------------------------+-------+-------++-------
Melee: Dagger            |    59 |     3 ||    62
 Cast: Magic Dart        |    46 |    13 ||    59
       Mephitic Cloud    |       |     1 ||     1
  Use: Scroll            |     4 |       ||     4
       Potion            |     2 |     1 ||     3
 Stab: Sleeping          |    13 |       ||    13
Armor: Robe              |    13 |       ||    13
Dodge: Dodged            |    44 |     6 ||    50
